 Dungeon Crawl Stone Soup version 0.31-a0-810-ga77100ea1a (webtiles) character file.

Game seed: 15697284221596406576

53 pokeman the Magician (level 3, -1/20 HPs)
             Began as a Deep Elf Hedge Wizard on Sept 21, 2023.
             Slain by a gnoll
             ... wielding a +0 spear
              (5 damage)
             ... on level 2 of the Dungeon.
             The game lasted 00:02:27 (1332 turns).

pokeman the Magician (Deep Elf Hedge Wizard)        Turns: 1332, Time: 00:02:28

Health: -1/20      AC:  2    Str:  7    XL:     3   Next: 64%
Magic:  2/11       EV: 12    Int: 20    God:
Gold:   131        SH:  0    Dex: 14    Spells: 4/12 levels left

rFire   . . .        j - +2 great mace (holy)
rCold   . . .        (shield currently unavailable)
rNeg    . . .        b - +0 robe
rPois   .            c - +0 hat
rElec   .            (no cloak)
rCorr   .            (no gloves)
SInv    .            (no boots)
Will    .....        (no amulet)
Stlth   ++           (no ring)
HPRegen 0.23/turn    (no ring)
MPRegen 0.12/turn

%: no passive effects
@: no status effects
A: no striking features
a: no special abilities


You were on level 2 of the Dungeon.
You visited 1 branch of the dungeon, and saw 2 of its levels.

You collected 131 gold pieces.

Inventory:

Hand Weapons
 j - a +2 great mace of holy wrath (weapon)
Armour
 b - a +0 robe (worn)
 c - a +0 hat (worn)
Scrolls
 e - a scroll of teleportation {unknown}
 i - a scroll of noise {unknown}
Potions
 d - a potion of magic
 f - 2 potions of heal wounds {unknown}
 g - a potion of resistance {unknown}
 h - a potion of might {unknown}


   Skills:
 - Level 1.0 Fighting
 - Level 1.0 Armour
 + Level 2.4 Dodging
 + Level 2.4 Stealth
 * Level 5.3 Spellcasting
 + Level 2.0 Conjurations
 - Level 1.1 Summonings
 - Level 1.1 Translocations


You had 4 spell levels left.
You knew the following spells:

 Your Spells              Type           Power      Damage    Failure   Level
a - Magic Dart            Conj           52%        1d5       4%          1
b - Mephitic Cloud        Conj/Pois/Air  8%         N/A       26%         3
c - Call Imp              Summ           18%        N/A       11%         2
d - Blink                 Tloc           18%        N/A       11%         2

Your spell library contained the following spells:

 Spells                   Type           Power      Damage    Failure   Level
 Slow                     Hex            20%        N/A       12%         1
 Cigotuvi's Dreadful Rot  Necr/Pois/Air  10%        N/A       17%         2


Dungeon Overview and Level Annotations

Branches:
Dungeon (2/15)

Altars:


Message History

You sock the gnoll!
You kill the gnoll!
The gnoll hits you from afar with a +0 spear.
Your Fighting skill increases to level 1!
Your Armour skill increases to level 1!
Your Conjurations skill increases to level 2!
Unknown command.
Unknown command.
Casting: Mephitic Cloud (extremely dangerous; 26% risk of failure)
Confirm with . or Enter, or press ? or * to list all spells.
You don't have enough magic to cast this spell.
There are monsters nearby!
Unknown command.
Your magical contamination has completely faded away.
Casting: Mephitic Cloud (extremely dangerous; 26% risk of failure)
Confirm with . or Enter, or press ? or * to list all spells.
Aiming: Mephitic Cloud (extremely dangerous; 26% risk of failure)
Press: ? - help, Shift-Dir - straight line, f - gnoll
Aim: a gnoll, wielding a +0 spear (chance to affect: 91%)
You miscast Mephitic Cloud.
You are very lightly contaminated with residual magic.
Electricity courses through your body!
* * * LOW HITPOINT WARNING * * *
The gnoll barely misses you.
Unknown command.
The gnoll attacks as it pursues you! The gnoll misses you.
The gnoll attacks as it pursues you!
The gnoll hits you from afar with a +0 spear.
* * * LOW HITPOINT WARNING * * *
The gnoll attacks as it pursues you! The gnoll completely misses you.
Your magical contamination has completely faded away.
You see here a +0 dagger.
The gnoll attacks as it pursues you! The gnoll barely misses you.
The gnoll attacks as it pursues you! The gnoll barely misses you.
The gnoll attacks as it pursues you!
The gnoll hits you from afar with a +0 spear.
* * * LOW HITPOINT WARNING * * *
The gnoll attacks as it pursues you!
The gnoll hits you from afar with a +0 spear.
You die...

##..####.####.....#
#..####.# #####.#
##.......# #.#
....########## #.#
##..# #.....####.###
#..####............#
#............###g#.#
#..####.)....###.#g#
....# #......##@.#)#
##...#
######.##.##.#
.###.#######.##.##.#
.# #..........)...#
# ##......###.####
#.###..# #.#
##...#..# #.# .
##.#..#..###.#
..###............#


You could see a gnoll.

Vanquished Creatures
  2 gnolls (D:2)
  A dart slug (D:1)
  4 ball pythons (D:1)
  3 bats (D:1)
  4 endoplasms
  A giant cockroach (D:2)
  4 goblins
  3 hobgoblins (D:1)
  A kobold (D:1)
  2 quokkas (D:1)
  A frilled lizard (D:1)
  2 rats
28 creatures vanquished.

Notes
Turn   | Place    | Note
-------+----------+-------------------------------------------
     0 | D:1      | pokeman the Deep Elf Hedge Wizard began the quest for the
                  | Orb.
     0 | D:1      | Reached XP level 1. HP: 10/10 MP: 7/7
   185 | D:1      | Reached XP level 2. HP: 15/15 MP: 7/9
   793 | D:1      | Reached skill level 5 in Spellcasting
  1096 | D:2      | Reached XP level 3. HP: 20/20 MP: 8/11
  1100 | D:2      | Learned a level 3 spell: Mephitic Cloud
  1103 | D:2      | Learned a level 2 spell: Call Imp
  1106 | D:2      | Learned a level 2 spell: Blink
  1306 | D:2      | Reached skill level 1 in Fighting
  1306 | D:2      | Reached skill level 1 in Armour
  1332 | D:2      | Slain by a gnoll

Illustrated notes

Levels and vault maps discovered:
D:1:      giann_bridges, layout_loops_ring
D:2:      layout_loops_cross, basic_altar, minmay_goblin_outpost,
          uniq_crazy_yiuf_cottage

Skill      XL: |  1  2  3 |
---------------+----------+-----
Spellcasting   | 5 |  5.3
Fighting       | 1 |  1.0
Armour         | 1 |  1.0
Conjurations   | 2 |  2.0
Dodging        | |  2.4
Stealth        | |  2.4
Summonings     | |  1.1
Translocations | |  1.1

Action                     || total
---------------------------++-------
  Melee: Dagger            ||    15
         Great mace        ||     3
   Cast: Magic Dart        ||    68
         Mephitic Cloud    ||     1
 Armour: Robe              ||     9
  Dodge: Dodged            ||    20

Table legend: (Time is in decaauts)
 A = Elapsed time spent in this place.
 B = Non-inter-level travel time spent in this place.
 C = Inter-level travel time spent in this place.
 D = Time resting spent in this place.
 E = Time spent auto-exploring this place.
 F = Levels seen in this place.
 G = Mean time per level.
                   A        B        C        D        E       F      G
               +--------+--------+--------+--------+--------+-----+--------+
         Total |   1333 |   1314 |     19 |      0 |   1130 |   2 |  666.5 |
       Dungeon |   1333 |   1314 |     19 |      0 |   1130 |   2 |  666.5 |
               +--------+--------+--------+--------+--------+-----+--------+

Top non-repeatable levels by time:
     D:1: 1086 daAuts
     D:2: 247 daAuts
